AoeStats
← 銳利尼哥

Arena

504740544Analyzed
4v4 RM · 25d ago on Sep 6, 2026· 42m 11s· 8 players
Game mode
Random Map
Map size
Large (8 player)
Population
200
Speed
Normal
Resources
Standard
Victory
Conquest
Starting age
Dark Age
Ending age
Imperial Age
RankedLock teamsTeams togetherTeam positionsShared explorationLock speedFull tech treeHidden civsTurbo modeCheats
Victory
Defeat
🇨🇳 Mongols · China
1575
+5
🇨🇳 Wei · China
1182
+18
🇨🇳 Khmer · China
1181
+19
🇨🇳 Ethiopians · China
1174
+19
🇨🇳 Mongols · China
1313
-17
🇬🇧 Bulgarians · United Kingdom
1259
-15
🇹🇼 Magyars · Taiwan
1245
-15
🇪🇸 Burgundians · Spain
1233
-14
慈溪投矛手
7:29 Loom
10:53 Feudal Age
14:07 Castle Age
13:18 Double-Bit Axe
20:18 Horse Collar
23:19 Bow Saw
23:39 Stone Mining
23:47 Gold Mining
24:58 Heavy Plow
26:11 Wheelbarrow
28:17 Gold Shaft Mining
28:18 Stone Shaft Mining
31:22 Imperial Age
29:21 Hand Cart
29:16 Scale Barding Armor
31:17 Chain Barding Armor
31:08 Forging
33:07 Bloodlines
32:18 Elite Battle Elephant
32:36 Elite Battle Elephant
33:34 Tusk Swords
35:07 Plate Barding Armor
35:07 Iron Casting
慈溪铁头马
2:34 Loom
3:36 Loom
10:40 Feudal Age
12:29 Double-Bit Axe
15:05 Castle Age
14:29 Horse Collar
18:29 Bow Saw
22:49 Fletching
25:26 Bodkin Arrow
26:18 Wheelbarrow
26:08 Bloodlines
25:55 Loom
27:06 Padded Archer Armor
28:08 Ballistics
27:57 Husbandry
29:26 Leather Archer Armor
33:47 Imperial Age
31:40 Thumb Ring
34:49 Bracer
35:20 Ring Archer Armor
35:12 Conscription
35:53 Chemistry
35:43 Parthian Tactics
41:37 Hand Cart
松弟
9:24 Feudal Age
9:27 Feudal Age
14:07 Castle Age
12:28 Double-Bit Axe
13:13 Horse Collar
21:49 Loom
22:25 Heavy Plow
23:35 Wheelbarrow
25:20 Hand Cart
25:29 Bow Saw
28:54 Imperial Age
26:49 Fletching
27:01 Padded Archer Armor
28:26 Ballistics
28:27 Scale Barding Armor
28:32 Forging
29:12 Bloodlines
29:02 Husbandry
29:54 Chain Barding Armor
28:59 Heavy Camel Rider
30:01 Conscription
30:42 Iron Casting
30:47 Gold Mining
32:09 Gold Shaft Mining
34:10 Thumb Ring
34:38 Stone Mining
35:14 Bodkin Arrow
35:35 Leather Archer Armor
36:24 Chemistry
35:35 Masonry
36:57 Stone Shaft Mining
36:27 Bracer
38:18 Blast Furnace
38:08 Parthian Tactics
37:56 Fortified Wall
39:08 Light Cavalry
40:07 Elite Mangudai
会走位
10:16 Feudal Age
15:48 Castle Age
14:19 Double-Bit Axe
14:38 Horse Collar
28:31 Loom
33:07 Imperial Age
31:55 Bow Saw
31:42 Gold Mining
31:44 Fletching
34:48 Wheelbarrow
34:43 Thumb Ring
33:59 Elite Skirmisher
35:56 Crossbowman
37:17 Arbalester
39:39 Hand Cart
39:35 Padded Archer Armor
39:31 Bodkin Arrow
40:36 Ballistics
41:16 Chemistry
40:34 Leather Archer Armor
41:53 Bracer
42:23 Ring Archer Armor
King Hansonite III
11:25 Feudal Age
15:27 Castle Age
13:45 Loom
13:56 Double-Bit Axe
15:34 Stone Mining
17:04 Fletching
18:20 Bodkin Arrow
21:37 Gold Mining
21:31 Horse Collar
31:24 Masonry
33:59 Imperial Age
32:18 Scale Barding Armor
33:10 Forging
34:35 Elite Skirmisher
35:18 Bracer
34:53 Capped Ram
38:38 Wheelbarrow
37:32 Pikeman
銳利尼哥
11:09 Feudal Age
14:51 Castle Age
13:11 Double-Bit Axe
15:42 Bow Saw
15:27 Horse Collar
20:26 Loom
24:11 Gold Mining
24:30 Heavy Plow
24:23 Town Watch
25:36 Wheelbarrow
25:22 Stone Mining
26:04 Fletching
27:09 Hand Cart
26:57 Treadmill Crane
28:31 Gold Shaft Mining
30:47 Imperial Age
28:39 Husbandry
28:59 Town Patrol
29:42 Bloodlines
29:38 Scale Barding Armor
29:36 Padded Archer Armor
30:13 Ballistics
30:04 Masonry
30:56 Chain Barding Armor
30:33 Bodkin Arrow
31:19 Corvinian Army
31:53 Bracer
34:06 Conscription
35:13 Leather Archer Armor
35:35 Plate Barding Armor
36:47 Thumb Ring
36:57 Recurve Bow
38:12 Chemistry
迷路将军
9:36 Feudal Age
14:39 Castle Age
12:31 Horse Collar
13:35 Double-Bit Axe
20:32 Wheelbarrow
20:31 Stone Mining
27:19 Imperial Age
25:24 Bow Saw
25:24 Fletching
25:44 Gold Mining
25:56 Heavy Plow
26:40 Stone Shaft Mining
26:10 Padded Archer Armor
26:50 Ballistics
26:49 Leather Archer Armor
26:32 Bodkin Arrow
27:19 Leather Archer Armor
27:45 Hand Cart
28:36 Bracer
31:13 Chemistry
30:20 Scale Barding Armor
30:45 Parthian Tactics
31:20 Chain Barding Armor
31:13 Bloodlines
31:32 Elite Mangudai
31:53 Light Cavalry
32:35 Husbandry
32:42 Thumb Ring
32:35 Light Cavalry
33:29 Forging
34:04 Conscription
34:31 Iron Casting
34:54 Hussar
35:27 Elite Skirmisher
Provenza
2:58 Double-Bit Axe
5:19 Loom
9:10 Horse Collar
11:51 Feudal Age
15:43 Castle Age
14:12 Bow Saw
14:27 Heavy Plow
21:21 Two-Man Saw
20:50 Fervor
23:01 Wheelbarrow
25:00 Hand Cart
28:55 Imperial Age
26:16 Town Watch
28:22 Fletching
28:37 Scale Barding Armor
28:42 Burgundian Vineyards
28:13 Cavalier
28:53 Husbandry
31:14 Chemistry
31:24 Chain Barding Armor
32:01 Masonry
31:47 Murder Holes
32:14 Conscription
32:28 Scale Mail Armor
32:23 Bodkin Arrow
31:51 Pikeman
33:20 Chain Mail Armor
33:16 Forging
33:22 Halberdier
35:13 Plate Mail Armor
35:45 Padded Archer Armor
35:48 Bracer
35:56 Paladin
38:27 Plate Barding Armor
Connection lost

Rejoining the realm…

Still unreachable

The connection could not be restored.

Session expired

The server has moved on; the page needs a fresh start.